SA
LOUISIANA DRAGOONS @ PHOENIX HOTSPUR U-21
07/25/2025
 
TOP OF THE 1ST
Louisiana Dragoons batting - Pitching for Phoenix Hotspur U-21 : LHP Ismael Lara
Pitching: LHP Ismael Lara
Batting: RHB Kevin Johnson 0-0: DOUBLE (Line Drive, 7LM)
Batting: RHB Giuseppe Provolone 0-0: Ball
1-0: Foul Ball, location: 2F
1-1: Called Strike
1-2: Strikes out looking
Batting: RHB Anastasio Hernández 0-0: Ball
1-0: Ball
2-0: Ground out 4-3 (Groundball, 4)
Kevin Johnson to third
Batting: SHB Galtero Suárez 0-0: Fly out, F5 (Line Drive, 56S)
Top of the 1st over - 0 run(s), 1 hit(s), 0 error(s), 1 left on base; Louisiana 0 - Phoenix 0
BOTTOM OF THE 1ST
Phoenix Hotspur U-21 batting - Pitching for Louisiana Dragoons : RHP Emil Olsson
Pitching: RHP Emil Olsson
Batting: RHB Solomon Norment 0-0: Called Strike
0-1: Ball
1-1: Ball
2-1: Swinging Strike
2-2: Strikes out swinging
Batting: RHB Germán Alfaro 0-0: Fly out, F9 (Flyball, 9)
Batting: LHB Roberto Fierro 0-0: Fly out, F7 (Flyball, 7)
Bottom of the 1st over - 0 run(s), 0 hit(s), 0 error(s), 0 left on base; Louisiana 0 - Phoenix 0
TOP OF THE 2ND
Louisiana Dragoons batting - Pitching for Phoenix Hotspur U-21 : LHP Ismael Lara
Batting: RHB Warren Willis 0-0: Swinging Strike
0-1: Swinging Strike
0-2: Foul Ball, location: 2F
0-2: Ball
1-2: Ball
2-2: Foul Ball, location: 2F
2-2: Ball
3-2: Foul Ball, location: 2F
3-2: Ground out 4-3 (Groundball, 4)
Batting: RHB Armond Merlin 0-0: Swinging Strike
0-1: Swinging Strike
0-2: Ball
1-2: Strikes out swinging
Batting: RHB Armando Carmona 0-0: SINGLE (Groundball, 34S) (infield hit)
Batting: RHB Charles Rowell 0-0: Called Strike
0-1: Ball
1-1: Swinging Strike
1-2: Ball
2-2: Ball
3-2: Foul Ball, location: 2F
3-2: Strikes out looking
Top of the 2nd over - 0 run(s), 1 hit(s), 0 error(s), 1 left on base; Louisiana 0 - Phoenix 0
BOTTOM OF THE 2ND
Phoenix Hotspur U-21 batting - Pitching for Louisiana Dragoons : RHP Emil Olsson
Batting: RHB Rubén Andrada 0-0: SINGLE (Groundball, 6D)
Batting: RHB Hieronymus Bosch 0-0: Ball
1-0: Ball
2-0: Ball
3-0: Called Strike
3-1: Called Strike
3-2: Foul Ball, location: 2F
3-2: Foul Ball, location: 2F
3-2: Ground out 5-3 (Groundball, 5)
Rubén Andrada to second
Batting: RHB Takashi Miike 0-0: Foul Ball, location: 2F
0-1: Ground out 6-3 (Groundball, 6)
Rubén Andrada to third
Batting: LHB Tyler Kinjeketile 0-0: Called Strike
0-1: Foul Ball, location: 2F
0-2: Foul Ball, location: 2F
0-2: Ball
1-2: Foul Ball, location: 2F
1-2: Strikes out looking
Bottom of the 2nd over - 0 run(s), 1 hit(s), 0 error(s), 1 left on base; Louisiana 0 - Phoenix 0
TOP OF THE 3RD
Louisiana Dragoons batting - Pitching for Phoenix Hotspur U-21 : LHP Ismael Lara
Batting: LHB Scott Kerin 0-0: Foul Ball, location: 2F
0-1: Ball
1-1: Fly out, F7 (Flyball, 7)
Batting: RHB Kevin Johnson 0-0: Called Strike
0-1: Swinging Strike
0-2: Strikes out looking
Batting: RHB Giuseppe Provolone 0-0: Called Strike
0-1: Called Strike
0-2: Ball
1-2: Strikes out swinging
Top of the 3rd over - 0 run(s), 0 hit(s), 0 error(s), 0 left on base; Louisiana 0 - Phoenix 0
BOTTOM OF THE 3RD
Phoenix Hotspur U-21 batting - Pitching for Louisiana Dragoons : RHP Emil Olsson
Batting: RHB Juan Negrete 0-0: Ground out 4-3 (Groundball, 4M)
Batting: RHB Bill Erickson 0-0: Ball
1-0: Foul Ball, location: 2F
1-1: Fly out, F8 (Flyball, 8RD)
Batting: RHB Solomon Norment 0-0: Ball
1-0: Ball
2-0: Called Strike
2-1: Fly out, F8 (Flyball, 8RD)
Bottom of the 3rd over - 0 run(s), 0 hit(s), 0 error(s), 0 left on base; Louisiana 0 - Phoenix 0
TOP OF THE 4TH
Louisiana Dragoons batting - Pitching for Phoenix Hotspur U-21 : LHP Ismael Lara
Batting: RHB Anastasio Hernández 0-0: Ground out 1-3 (Groundball, 13S)
Batting: SHB Galtero Suárez 0-0: Ground out 3-1 (Groundball, 34)
Batting: RHB Warren Willis 0-0: Ball
1-0: Swinging Strike
1-1: Foul Ball, location: 2F
1-2: Foul Ball, location: 2F
1-2: Strikes out swinging
Top of the 4th over - 0 run(s), 0 hit(s), 0 error(s), 0 left on base; Louisiana 0 - Phoenix 0
BOTTOM OF THE 4TH
Phoenix Hotspur U-21 batting - Pitching for Louisiana Dragoons : RHP Emil Olsson
Batting: RHB Germán Alfaro 0-0: Called Strike
0-1: Called Strike
0-2: Ball
1-2: DOUBLE (Flyball, 9LD)
Batting: LHB Roberto Fierro 0-0: Ball
1-0: Ground out U3 (Groundball, 34)
Germán Alfaro to third
Batting: RHB Rubén Andrada 0-0: Ball
1-0: Ball
2-0: Called Strike
2-1: Ball
3-1: Swinging Strike
3-2: Foul Ball, location: 2F
3-2: Base on Balls
Batting: RHB Hieronymus Bosch 0-0: Called Strike
0-1: Called Strike
Rubén Andrada steals 2nd base
0-2: Foul Ball, location: 2F
0-2: Ground out 5-3 (Groundball, 5S)
Batting: RHB Takashi Miike 0-0: SINGLE (Line Drive, 34)
Germán Alfaro scores
Rubén Andrada to third
Runner from 3rd tries for Home, SAFE, no throw
Batting: LHB Tyler Kinjeketile 0-0: Ball
1-0: Called Strike
1-1: Foul Ball, location: 2F
1-2: Ground out 4-3 (Groundball, 34)
Bottom of the 4th over - 2 run(s), 2 hit(s), 0 error(s), 1 left on base; Louisiana 0 - Phoenix 2
TOP OF THE 5TH
Louisiana Dragoons batting - Pitching for Phoenix Hotspur U-21 : LHP Ismael Lara
Batting: RHB Armond Merlin 0-0: Ball
1-0: Foul Ball, location: 2F
1-1: Foul Ball, location: 2F
1-2: Ball
2-2: Ground out 4-3 (Groundball, 4)
Batting: RHB Armando Carmona 0-0: Called Strike
0-1: Called Strike
0-2: Strikes out swinging
Batting: RHB Charles Rowell 0-0: Ball
1-0: Ground out 4-3 (Groundball, 4)
Top of the 5th over - 0 run(s), 0 hit(s), 0 error(s), 0 left on base; Louisiana 0 - Phoenix 2
BOTTOM OF THE 5TH
Phoenix Hotspur U-21 batting - Pitching for Louisiana Dragoons : RHP Emil Olsson
Batting: RHB Juan Negrete 0-0: Called Strike
0-1: Swinging Strike
0-2: Strikes out swinging
Batting: RHB Bill Erickson 0-0: Ground out 4-3 (Groundball, 4S)
Batting: RHB Solomon Norment 0-0: Ground out 6-3 (Groundball, 6)
Bottom of the 5th over - 0 run(s), 0 hit(s), 0 error(s), 0 left on base; Louisiana 0 - Phoenix 2
TOP OF THE 6TH
Louisiana Dragoons batting - Pitching for Phoenix Hotspur U-21 : LHP Ismael Lara
Batting: LHB Scott Kerin 0-0: Foul Ball, location: 2F
0-1: Foul Ball, location: 2F
0-2: Ball
1-2: Ball
2-2: Strikes out swinging
Batting: RHB Kevin Johnson 0-0: Foul Ball, location: 2F
0-1: Foul Ball, location: 2F
0-2: Ball
1-2: Foul Ball, location: 2F
1-2: Ground out 4-3 (Groundball, 4)
Batting: RHB Giuseppe Provolone 0-0: Swinging Strike
0-1: Ball
1-1: Hit by Pitch
Batting: RHB Anastasio Hernández 0-0: Ball
1-0: Foul Ball, location: 2F
1-1: Ball
2-1: Foul Ball, location: 2F
2-2: Strikes out swinging
Top of the 6th over - 0 run(s), 0 hit(s), 0 error(s), 1 left on base; Louisiana 0 - Phoenix 2
BOTTOM OF THE 6TH
Phoenix Hotspur U-21 batting - Pitching for Louisiana Dragoons : RHP Emil Olsson
Batting: RHB Germán Alfaro 0-0: Ball
1-0: Called Strike
1-1: Ball
2-1: Called Strike
2-2: Fly out, F5 (Line Drive, 56S)
Batting: LHB Roberto Fierro 0-0: Called Strike
0-1: SINGLE (Groundball, 34D)
Batting: RHB Rubén Andrada 0-0: Foul Ball, location: 2F
0-1: Ball
Roberto Fierro is caught stealing 2nd base
1-1: Ball
2-1: Swinging Strike
2-2: Fly out, F3 (Flyball, 34D)
Bottom of the 6th over - 0 run(s), 1 hit(s), 0 error(s), 0 left on base; Louisiana 0 - Phoenix 2
TOP OF THE 7TH
Louisiana Dragoons batting - Pitching for Phoenix Hotspur U-21 : LHP Ismael Lara
Batting: SHB Galtero Suárez 0-0: Ball
1-0: Called Strike
1-1: Ball
2-1: SOLO HOME RUN (Flyball, 89XD), Distance : 427 ft
Batting: RHB Warren Willis 0-0: Called Strike
0-1: Ground out 1-3 (Groundball, 15S)
Batting: RHB Armond Merlin 0-0: Ball
1-0: Foul Ball, location: 2F
1-1: Foul Ball, location: 2F
1-2: Foul Ball, location: 2F
1-2: Ball
2-2: Strikes out swinging
Batting: RHB Armando Carmona 0-0: Called Strike
0-1: Ball
1-1: Ball
2-1: DOUBLE (Flyball, 9LM)
Pinch Hitting: RHB Emmanuele Lucchetti 0-0: Ball
1-0: Ball
2-0: Ball
3-0: Base on Balls
Pinch Hitting: RHB Jody Bennett 0-0: Ball
1-0: Fly out, F2 (Popup, 13S)
Top of the 7th over - 1 run(s), 2 hit(s), 0 error(s), 2 left on base; Louisiana 1 - Phoenix 2
BOTTOM OF THE 7TH
Phoenix Hotspur U-21 batting - Pitching for Louisiana Dragoons : RHP Emil Olsson
Now at 3B: Jody Bennett
Now in RF: Emmanuele Lucchetti
Batting: RHB Hieronymus Bosch 0-0: Ball
1-0: Foul Ball, location: 2F
1-1: Foul Ball, location: 2F
1-2: Ball
2-2: Foul Ball, location: 2F
2-2: Strikes out swinging
Batting: RHB Takashi Miike 0-0: Ball
1-0: Called Strike
1-1: Called Strike
1-2: Ball
2-2: Strikes out swinging
Batting: LHB Tyler Kinjeketile 0-0: Foul Ball, location: 2F
0-1: SINGLE (Groundball, 34D)
Batting: RHB Juan Negrete 0-0: Ball
1-0: Ball
2-0: Ball
3-0: Called Strike
3-1: Called Strike
3-2: Foul Ball, location: 2F
3-2: Foul Ball, location: 2F
3-2: Base on Balls
Tyler Kinjeketile to second
Pitching: RHP Aaron Chapman
Batting: RHB Bill Erickson 0-0: Ball
1-0: Ball
2-0: Called Strike
2-1: Ball
Passed Ball!
Tyler Kinjeketile to third
Juan Negrete to second
3-1: Called Strike
3-2: Foul Ball, location: 2F
3-2: Strikes out looking
Bottom of the 7th over - 0 run(s), 1 hit(s), 0 error(s), 2 left on base; Louisiana 1 - Phoenix 2
TOP OF THE 8TH
Louisiana Dragoons batting - Pitching for Phoenix Hotspur U-21 : LHP Ismael Lara
Now at 1B: Juan Rivera
Now at SS: Juan Román
Now in RF: Bernardo Rivera
Batting: RHB Kevin Johnson 0-0: Called Strike
0-1: Swinging Strike
0-2: Ball
1-2: Ball
2-2: Ball
3-2: Foul Ball, location: 2F
3-2: SINGLE (Groundball, 6MD)
Batting: RHB Giuseppe Provolone 0-0: Sac Bunt - play at first, batter OUT! U3
Kevin Johnson to second
Batting: RHB Anastasio Hernández 0-0: Called Strike
0-1: Foul Ball, location: 2F
0-2: Ball
1-2: Foul Ball, location: 2F
1-2: Strikes out looking
Batting: SHB Galtero Suárez 0-0: Foul Ball, location: 2F
0-1: Ball
1-1: Ball
2-1: Swinging Strike
2-2: Ball
3-2: Base on Balls
Pitching: RHP Kenny Kawaguchi
Batting: RHB Warren Willis 0-0: Fly out, F9 (Flyball, 9LMF)
Top of the 8th over - 0 run(s), 1 hit(s), 0 error(s), 2 left on base; Louisiana 1 - Phoenix 2
BOTTOM OF THE 8TH
Phoenix Hotspur U-21 batting - Pitching for Louisiana Dragoons : RHP Aaron Chapman
Batting: RHB Solomon Norment 0-0: Ball
1-0: Called Strike
1-1: Ball
2-1: Foul Ball, location: 2F
2-2: Strikes out swinging
Batting: RHB Germán Alfaro 0-0: Ball
1-0: Fly out, F8 (Flyball, 8LM)
Batting: LHB Roberto Fierro 0-0: Foul Ball, location: 2F
0-1: Ball
1-1: Ball
2-1: Called Strike
2-2: Foul Ball, location: 2F
2-2: Hit by Pitch
Batting: RHB Rubén Andrada 0-0: Called Strike
0-1: Called Strike
Roberto Fierro is caught stealing 2nd base
Bottom of the 8th over - 0 run(s), 0 hit(s), 0 error(s), 0 left on base; Louisiana 1 - Phoenix 2
TOP OF THE 9TH
Louisiana Dragoons batting - Pitching for Phoenix Hotspur U-21 : RHP Kenny Kawaguchi
Pitching: RHP Richard Osborn
Batting: RHB Armond Merlin 0-0: Foul Ball, location: 2F
0-1: Hit by Pitch
Batting: RHB Armando Carmona 0-0: Bunt missed!
0-1: Sac Bunt - play at first, batter safe!
Armond Merlin to second
Batting: RHB Emmanuele Lucchetti 0-0: Bunt missed!
0-1: Sac Bunt - play at first, batter OUT! 3-4
Armond Merlin to third
Armando Carmona to second
Pinch Hitting: LHB Carlos Pińa 0-0: Ball
1-0: Ball
2-0: Ball
3-0: Called Strike
3-1: Foul Ball, location: 2F
3-2: Foul Ball, location: 2F
3-2: Strikes out looking
Batting: RHB Kevin Johnson 0-0: Foul Ball, location: 2F
0-1: Ball
1-1: Fly out, F4 (Popup, 4)
Top of the 9th over - 0 run(s), 1 hit(s), 0 error(s), 2 left on base; Louisiana 1 - Phoenix 2
Friday, December 30th, 2016 - OOTP Baseball 17.12 Build 75